AoeStats
← Le Cronache di N'Ernia

Arena

508963616Analyzed
3v3 RM · 7d ago on Sep 24, 2026· 59m 18s· 6 players
Game mode
Random Map
Map size
Normal (6 player)
Population
200
Speed
Normal
Resources
Standard
Victory
Conquest
Starting age
Dark Age
Ending age
Imperial Age
RankedLock teamsTeams togetherTeam positionsShared explorationLock speedFull tech treeHidden civsTurbo modeCheats
Victory
Defeat
🇮🇹 Cumans · Italy
1495
+8
🇮🇹 Britons · Italy
1309
+14
🇮🇹 Turks · Italy
1239
+17
🇭🇰 Franks · Hong Kong SAR China
1322
-15
🇮🇪 Britons · Ireland
1267
-12
🇨🇦 Saracens · Canada
1252
-12
Langley^
11:02 Feudal Age
14:58 Castle Age
13:04 Double-Bit Axe
13:00 Horse Collar
16:50 Fletching
25:18 Bow Saw
26:21 Bodkin Arrow
27:49 Ballistics
31:40 Imperial Age
29:50 Wheelbarrow
29:14 Pikeman
29:57 Scale Mail Armor
31:36 Chain Mail Armor
31:33 Forging
33:14 Hand Cart
32:45 Loom
33:17 Hand Cart
32:36 Halberdier
33:32 Bracer
34:12 Warwolf
37:12 Chemistry
37:14 Elite Longbowman
38:14 Yeomen
41:12 Yeomen
41:31 Padded Archer Armor
50:38 Plate Mail Armor
50:44 Iron Casting
54:34 Blast Furnace
58:06 Squires
57:53 Arson
57:53 Gambesons
syaltamimi
10:15 Feudal Age
11:18 Horse Collar
11:31 Double-Bit Axe
16:00 Castle Age
17:13 Bow Saw
17:05 Heavy Plow
22:36 Loom
23:26 Wheelbarrow
23:26 Forging
24:22 Scale Barding Armor
24:11 Town Watch
24:54 Husbandry
25:08 Bloodlines
25:39 Hand Cart
26:35 Iron Casting
28:49 Stone Mining
29:23 Chain Barding Armor
29:46 Fletching
33:04 Imperial Age
31:09 Ballistics
33:14 Bimaristan
33:19 Bodkin Arrow
33:36 Masonry
32:52 Light Cavalry
33:17 Heavy Camel Rider
35:00 Blast Furnace
36:10 Plate Barding Armor
35:02 Elite Mameluke
35:32 Onager
36:03 Hussar
39:49 Chemistry
38:55 Siege Engineers
39:47 Bracer
大庆Song
2:51 Loom
12:10 Feudal Age
13:32 Wheelbarrow
13:27 Double-Bit Axe
16:06 Castle Age
14:47 Gold Mining
16:42 Scale Barding Armor
18:37 Chain Barding Armor
19:41 Husbandry
21:30 Loom
21:50 Town Watch
25:42 Forging
32:42 Imperial Age
30:02 Pikeman
30:43 Squires
32:06 Iron Casting
32:21 Scale Mail Armor
32:42 Arson
32:47 Halberdier
34:29 Blast Furnace
35:38 Chemistry
35:52 Conscription
35:49 Chain Mail Armor
36:10 Plate Barding Armor
35:26 Fletching
35:28 Light Cavalry
38:20 Hand Cart
38:38 Plate Mail Armor
43:35 Cavalier
45:48 Paladin
55:11 Bow Saw
55:13 Masonry
Spada_Arancio
11:10 Feudal Age
15:02 Castle Age
13:15 Double-Bit Axe
13:37 Horse Collar
16:36 Bow Saw
21:51 Fletching
30:42 Imperial Age
29:03 Ballistics
28:55 Bodkin Arrow
29:00 Padded Archer Armor
30:09 Wheelbarrow
29:20 Town Watch
30:48 Leather Archer Armor
31:00 Fortified Wall
32:27 Chemistry
32:08 Bracer
34:47 Ring Archer Armor
34:49 Elite Longbowman
39:16 Elite Skirmisher
41:59 Hand Cart
41:30 Town Watch
44:05 Yeomen
45:41 Conscription
49:02 Crossbowman
50:30 Arbalester
58:04 Caravan
Le Cronache di N'Ernia
10:52 Feudal Age
14:28 Castle Age
12:35 Double-Bit Axe
13:33 Horse Collar
15:28 Bow Saw
16:06 Heavy Plow
21:07 Wheelbarrow
24:09 Hand Cart
23:56 Gold Mining
25:22 Gold Shaft Mining
29:18 Imperial Age
26:34 Loom
29:57 Ballistics
31:10 Two-Man Saw
30:31 Heavy Scorpion
31:49 Bloodlines
31:40 Husbandry
33:54 Scale Barding Armor
34:00 Forging
35:01 Chain Barding Armor
36:37 Iron Casting
40:14 Blast Furnace
39:50 Plate Barding Armor
46:21 Stone Mining
47:48 Capped Ram
50:19 Siege Ram
59:42 Caravan
HSL | Faquilanoob
8:37 Feudal Age
9:22 Double-Bit Axe
15:49 Wheelbarrow
19:10 Castle Age
17:26 Horse Collar
17:38 Gold Mining
19:08 Town Watch
20:21 Forging
20:17 Scale Barding Armor
20:40 Hand Cart
20:46 Bloodlines
23:31 Forging
24:03 Loom
25:37 Stone Mining
26:26 Town Patrol
28:39 Chain Barding Armor
28:55 Iron Casting
31:35 Imperial Age
30:48 Heavy Plow
31:03 Bow Saw
32:43 Cavalier
33:33 Fletching
34:18 Plate Barding Armor
34:43 Conscription
34:27 Paladin
37:34 Blast Furnace
36:25 Fletching
39:50 Bodkin Arrow
40:57 Chemistry
40:09 Masonry
46:31 Cuman Mercenaries
50:02 Light Cavalry
51:04 Hussar
56:55 Caravan
Connection lost

Rejoining the realm…

Still unreachable

The connection could not be restored.

Session expired

The server has moved on; the page needs a fresh start.